 Dungeon Crawl Stone Soup version 0.28.0-49-g6dfe1f597d (webtiles) character file.

Game seed: 15518928085773283309

868 klau3 the Chopper (level 7, 0/61 HPs)
             Began as a Minotaur Berserker on May 13, 2022.
             Was a Priest of Trog.
             Slain by Maggie
             ... wielding a +1 war axe of flaming
              (1 damage)
             ... on level 6 of the Dungeon.
             The game lasted 00:12:41 (5998 turns).

klau3 the Chopper (Minotaur Berserker)              Turns: 5998, Time: 00:12:43

Health: 0/61       AC:  6    Str: 22    XL:     7   Next: 73%
Magic:  6/6        EV:  9    Int:  4    God:    Trog [***...]
Gold:   146        SH: 14    Dex: 17    Spells: 6/6 levels left

rFire   . . .      SeeInvis .   a - +0 hand axe
rCold   . . .      Faith    .   A - +0 tower shield
rNeg    . . .      Spirit   .   n - +0 ring mail
rPois   .          Reflect  .   (helmet restricted)
rElec   .          Harm     .   (no cloak)
rCorr   .          Rampage  .   (no gloves)
Will    +++..                   (no boots)
Stlth   +.........              v - amulet of regeneration
HPRegen 2.00/turn               d - ring of willpower
MPRegen 0.10/turn               B - +6 ring of dexterity

@: strong-willed, regenerating
A: horns 2, retaliatory headbutt
a: Renounce Religion, Berserk, Trog's Hand


You were on level 6 of the Dungeon.
You worshipped Trog.
Trog was most pleased with you.
You visited 1 branch of the dungeon, and saw 6 of its levels.

You collected 146 gold pieces.

Inventory:

Hand Weapons
 a - a +0 hand axe (weapon)
 C - a +0 shortbow
Missiles
 c - 4 poisoned darts (quivered)
 D - 14 arrows
Armour
 b - a +0 animal skin
 m - a +0 buckler
 n - a +0 ring mail (worn)
 A - a +0 tower shield (worn)
Jewellery
 d - a ring of willpower (left hand)
 h - a +6 ring of intelligence
 o - an amulet of reflection
 v - an amulet of regeneration (around neck)
 B - a +6 ring of dexterity (right hand)
Wands
 z - a wand of flame (19)
 F - a wand of charming (3)
Scrolls
 e - a scroll of enchant armour {unknown}
 g - 7 scrolls of identify {unknown}
 i - 2 scrolls of enchant weapon {unknown}
 k - a scroll of fog {unknown}
 p - 2 scrolls of magic mapping {unknown}
 s - a scroll of fear {unknown}
 t - a scroll of vulnerability {unknown}
 y - 2 scrolls of teleportation {unknown}
 E - a scroll of brand weapon {unknown}
Potions
 f - a potion of heal wounds {unknown}
 j - a potion of might {unknown}
 l - 2 potions of resistance {unknown}
 q - a potion of lignification {unknown}
 r - a potion of curing {unknown}
 u - 4 potions of degeneration {unknown}
 w - a potion of haste {unknown}
 x - 2 potions of attraction {unknown}


   Skills:
 + Level 5.5 Fighting
 + Level 6.9 Axes
 + Level 1.1 Throwing
 + Level 4.6 Armour
 + Level 3.7 Dodging
 + Level 1.8 Stealth
 + Level 3.9 Shields


You had 6 spell levels left.
You didn't know any spells.
Your spell library contained the following spells:

 Spells                   Type           Power      Damage    Failure   Level
 Blink                    Tloc           0%         N/A       100%        2
 Frozen Ramparts          Ice            0%         1d2       100%        3
 Ice Form                 Ice/Tmut       0%         N/A       100%        4
 Summon Ice Beast         Ice/Summ       0%         N/A       100%        4
 Manifold Assault         Tloc           0%         N/A       100%        5
 Summon Forest            Summ/Tloc      0%         N/A       100%        5
 Eringya's Noxious Bog    Tmut/Pois      0%         N/A       100%        6
 Storm Form               Tmut/Air       0%         N/A       100%        7
 Summon Hydra             Summ           0%         N/A       100%        7


Dungeon Overview and Level Annotations

Branches:
Dungeon (6/15)
 Temple: D:4-7

Altars:
Ashenzari
Hepliaklqana
Kikubaaqudgha
Qazlal

Shops:
D:5 :

Annotations:
D:6 Maggie


Innate Abilities, Weirdness & Mutations

You have a pair of horns on your head.
You reflexively headbutt those who attack you in melee.


Message History

The hornet zombie completely misses you.
Your skin crawls.
You feel strong-willed. You block the hound's attack.
You block Maggie's attack. The hornet zombie hits you.
* * * LOW HITPOINT WARNING * * *
You slash Maggie!
Maggie is heavily wounded.
You hit the hound. You closely miss the hornet zombie. The hound bites you.
* * * LOW HITPOINT WARNING * * *
You block the hornet zombie's attack. You block Maggie's attack.
The hound bites you but does no damage. The hornet zombie hits you.
* * * LOW HITPOINT WARNING * * *
You slash Maggie! You headbutt Maggie.
Maggie is severely wounded.
You hit the hound but do no damage. You hit the hornet zombie.
You break out of your daze.
You block the hound's attack. Maggie barely misses you.
You furiously retaliate!
You headbutt Maggie. You block the hornet zombie's attack.
The hound bites you but does no damage. Maggie barely misses you.
You closely miss Maggie.
Maggie is almost dead.
You miss the hound.
You hit the hornet zombie but do no damage.
You block the hound's attack. You block the hornet zombie's attack.
You block the hound's attack. The hornet zombie barely misses you.
You furiously retaliate!
You headbutt the hornet zombie!
Maggie hits you with a +1 war axe of flaming!
* * * LOW HITPOINT WARNING * * *
Maggie burns you.
* * * LOW HITPOINT WARNING * * *
You barely miss Maggie. You headbutt Maggie!
Maggie is almost dead.
You barely miss the hound. You barely miss the hornet zombie.
You block the hound's attack. You block the hornet zombie's attack.
Maggie hits you with a +1 war axe of flaming.
* * * LOW HITPOINT WARNING * * *
Maggie burns you.
You die...

. #. #.. .
....##### ...
#.....####....
####............
........@@#
#####..Z.h......
#....#......
#.....##..(.
#.....$ .$.
####.... ..
##.... . .#...


You could see Maggie, a hound and a hornet zombie.

Vanquished Creatures
  2 ogres (D:4)
  A centaur (D:5)
  2 scorpions
  A water moccasin zombie (D:5)
  A centaur zombie (D:5)
  2 hounds (D:5)
  An orc priest (D:4)
  A bullfrog skeleton (D:6)
  3 iguanas
  An orc wizard (D:2)
  A hound skeleton (D:5)
  4 gnolls (D:4)
  A howler monkey skeleton (D:6)
  4 adders
  4 worms
  4 dart slugs
  7 orcs
  4 endoplasms
  5 giant cockroaches
  2 goblins
  5 hobgoblins
  5 jackals
  2 quokkas
  5 ball pythons
  7 bats
  5 frilled lizards
  5 kobolds
  4 rats
89 creatures vanquished.

Vanquished Creatures (others)
  5 plants (D:2)
5 creatures vanquished.

Grand Total: 94 creatures vanquished

Notes
Turn   | Place    | Note
-------+----------+-------------------------------------------
     0 | D:1      | klau3 the Minotaur Berserker began the quest for the Orb.
     0 | D:1      | Reached XP level 1. HP: 19/19 MP: 0/0
    96 | D:1      | Reached skill level 4 in Axes
    96 | D:1      | Reached XP level 2. HP: 19/27 MP: 1/1
   456 | D:1      | Reached ** piety under Trog
   736 | D:1      | Reached XP level 3. HP: 33/33 MP: 2/2
  1530 | D:2      | Reached skill level 1 in Stealth
  1910 | D:2      | Reached XP level 4. HP: 23/40 MP: 3/3
  2288 | D:3      | Found a faded altar of an unknown god.
  2433 | D:3      | Reached skill level 5 in Axes
  2989 | D:3      | Found a stormy altar of Qazlal.
  3594 | D:4      | Noticed an ogre
  3601 | D:4      | Killed an ogre
  3602 | D:4      | Reached XP level 5. HP: 39/47 MP: 4/4
  3740 | D:4      | Reached skill level 5 in Fighting
  3947 | D:4      | Noticed an ogre
  3954 | D:4      | Killed an ogre
  3955 | D:4      | Reached XP level 6. HP: 31/56 MP: 5/5
  3955 | D:4      | Reached *** piety under Trog
  4270 | D:4      | Reached skill level 1 in Shields
  4275 | D:4      | Reached skill level 6 in Axes
  4502 | D:4      | Reached skill level 1 in Throwing
  4725 | D:5      | Entered Level 5 of the Dungeon
  4752 | D:5      | Reached XP level 7. HP: 50/61 MP: 6/6
  4843 | D:5      | Found Tezuixyr's Book Shop.
  4899 | D:5      | Found an ancient bone altar of Kikubaaqudgha.
  4900 | D:5      | Found a hazy altar of Hepliaklqana.
  5251 | D:5      | Found a broken altar of Ashenzari.
  5979 | D:6      | Noticed Maggie
  5997 | D:6      | HP: 1/61 [Maggie/+1 war axe of flaming (4)]
  5998 | D:6      | Slain by Maggie

Illustrated notes

Levels and vault maps discovered:
D:1:      minmay_arrival_open_corners, layout_basic
D:2:      layout_loops_corners, serial_forest, infiniplex_forest_clump_double,
          infiniplex_forest_straight_5, infiniplex_forest_lined_corner,
          infiniplex_forest_straight_4, infiniplex_forest_straight_4,
          infiniplex_forest_join
D:3:      layout_basic, lemuel_coloured_pillars_altar,
          dreamdust_ecumenical_altar_statues
D:4:      layout_loops_corners
D:5:      layout_basic, lemuel_round_altar, amethyst_overflow_temple_binary,
          serial_shops, nicolae_shop_behind_doors
D:6:      layout_rooms, minmay_temple_entry_nine_rooms, serial_shops, shop,
          uniq_blork_the_orc, uniq_maggie

Skill      XL: |  1  2  3  4  5  6  7 |
---------------+----------------------+-----
Axes           | 4 5 6 |  6.9
Fighting       | 4 5 |  5.5
Stealth        | 1 |  1.8
Armour         | 3 4 |  4.6
Dodging        | 3 |  3.7
Shields        | 1 3 |  3.9
Throwing       | 1 |  1.1

Action                   |  1- 3 |  4- 6 |  7- 9 || total
-------------------------+-------+-------+-------++-------
Melee: Hand axe          |    78 |    90 |    69 ||   237
       Headbutt          |    15 |    14 |    20 ||    49
Throw: Dart              |       |    10 |     2 ||    12
Invok: Berserk           |     2 |     3 |       ||     5
       Trog's Hand       |       |       |     2 ||     2
Evoke: Wand              |       |       |     2 ||     2
 Stab: Sleeping          |     3 |       |     1 ||     4
Armor: Animal skin       |    25 |       |       ||    25
       Ring mail         |       |    22 |    25 ||    47
Dodge: Dodged            |    63 |    34 |    40 ||   137
Block: Buckler           |       |    33 |     9 ||    42
       Tower shield      |       |       |    78 ||    78
       Reflection        |       |       |     1 ||     1
